 Dungeon Crawl Stone Soup version bcrawl-1.19.2-6-g6a88ae04c9 (webtiles) character file.

Game seed: 14161818766755766899

40 Mrkan the Covered (level 3, -4/33 HPs)
             Began as a Minotaur Fighter on Jan 14, 2020.
             Slain by Sigmund
             ... wielding a +2 scythe of protection
              (5 damage)
             ... on level 2 of the Dungeon.
             The game lasted 00:01:23 (886 turns).

Mrkan the Covered (Minotaur Fighter)                 Turns: 886, Time: 00:01:24

Health: -4/33      AC:  7    Str: 20    XL:     3   Next: 30%
Magic:  2/2        EV:  7    Int:  5    God:
Gold:   55         SH: 10    Dex: 10    Spells: 2/2 levels left

rFire    . . .     SeeInvis .   a - +0 long sword
rCold    . . .     Gourm    .   c - +0 shield
rNeg     . . .     Faith    .   b - +0 scale mail
rPois    .         Spirit   .   (helmet restricted)
rElec    .         Reflect  .   (no cloak)
rCorr    .         Harm     .   (no gloves)
MR       .....                  (no boots)
Stlth    ..........             (no amulet)
HPRegen  0.11/turn              (no ring)
MPRegen  0.08/turn              (no ring)

@: no status effects
A: retaliatory headbutt, horns 2
a: no special abilities


You were on level 2 of the Dungeon.
You were not hungry.

You visited 1 branch of the dungeon, and saw 2 of its levels.

You collected 55 gold pieces.

Inventory:

Hand Weapons
 a - a +0 long sword (weapon)
Armour
 b - a +0 scale mail (worn)
 c - a +0 shield (worn)
Scrolls
 h - 5 scrolls of teleportation {unknown}
 k - a scroll of identify {unknown}
Potions
 d - a potion of might
 e - 2 potions of curing {unknown}
 g - a potion of agility {unknown}
 j - a potion of heal wounds {unknown}
 l - a potion of haste {unknown}
Comestibles
 f - 4 rations {!d}


   Skills:
 + Level 4.0 Fighting
 * Level 3.4 Long Blades
 + Level 4.0 Armour
 + Level 4.0 Shields


You had 2 spell levels left.
You didn't know any spells.
Your spell library was empty.

Dungeon Overview and Level Annotations

Branches:
Dungeon (2/12)

Altars:

Annotations:
D:2 Sigmund


Innate Abilities, Weirdness & Mutations

You reflexively headbutt those who attack you in melee.
You have a pair of horns on your head.


Message History

Something hits you but does no damage.
The hobgoblin hits you but does no damage.
The goblin hits you but does no damage. x2
You miss something. You block the goblin's attack.
The hobgoblin hits you but does no damage.
You block the goblin's attack. Something hits you.
* * * LOW HITPOINT WARNING * * *
The goblin barely misses you.
You hit something. Your headbutt misses something.
The goblin hits you but does no damage. The hobgoblin barely misses you.
You hear some strange, mumbled words.
Something tries to affect you, but you resist.
The goblin hits you but does no damage. You block the goblin's attack.
You barely miss something. You block the hobgoblin's attack.
Something hits you.
* * * LOW HITPOINT WARNING * * *
You block the goblin's attack. The goblin hits you but does no damage.
The hobgoblin hits you but does no damage.
Something hits you.
You die...

........).........
..................
.....................#
.............#+#.....#
.......#...### ......
.......#...## .....#
.......#....##+#......
......#...........##.
... #.....@{g......
#......gs......
#.%...gg.......
............%...
.................
.................
#................
................
.....?.........


You could see a giant cockroach, 2 hobgoblins and 2 goblins.

Vanquished Creatures
  2 dart slugs (D:1)
  A leopard gecko (D:1)
  3 ball pythons
  3 bats (D:1)
  A giant cockroach (D:1)
  5 goblins
  5 hobgoblins
  8 frilled lizards (D:1)
  4 kobolds
  4 rats (D:1)
36 creatures vanquished.

Notes
Turn   | Place    | Note
-------+----------+-------------------------------------------
     0 | D:1      | Mrkan the Minotaur Fighter began the quest for the Orb.
     0 | D:1      | Reached XP level 1. HP: 19/19 MP: 0/0
    87 | D:1      | Reached XP level 2. HP: 24/27 MP: 1/1
   429 | D:1      | Reached XP level 3. HP: 32/33 MP: 2/2
   864 | D:2      | Noticed Sigmund
   885 | D:2      | HP: 1/33 [something (3)]
   886 | D:2      | Slain by Sigmund

Skill      XL: |  1  2  3 |
---------------+----------+-----
Long Blades    | 3 |  3.4
Armour         | 4 |  4.0
Fighting       | 4 |  4.0
Shields        | 4 |  4.0

Action                   || total
-------------------------++-------
Melee: Long sword        ||    86
       Headbutt          ||    13
Armor: Scale mail        ||    60
Dodge: Dodged            ||    38
Block: Shield            ||    62
